 Dungeon Crawl Stone Soup version 0.30-a0-567-gf7fd966b4a (webtiles) character file.

Game seed: 15952305778644646520

114 hollybug the Slasher (level 4, -3/41 HPs)
             Began as a Gnoll Cinder Acolyte on Dec 28, 2022.
             Was a High Priest of Ignis.
             Succumbed to a scorpion's poison
             ... on level 5 of the Dungeon.
             The game lasted 00:06:23 (1788 turns).

hollybug the Slasher (Gnoll Cinder Acolyte)         Turns: 1788, Time: 00:06:24

Health: -3/41      AC:  4    Str: 16    XL:     4   Next: 97%
Magic:  8/8        EV:  6    Int: 21    God:    Ignis [*****.]
Gold:   131        SH:  0    Dex:  7    Spells: 9/9 levels left

rFire   + . .      SeeInvis .    k - +9 long sword of Havoc {vamp, *Corrode rPois Int+8 Stlth+}
rCold   . . .      Faith    .    (no shield)
rNeg    . . .      Spirit   .    c - +0 chain mail
rPois   +          Reflect  .    (no helmet)
rElec   .          Harm     .    (no cloak)
rCorr   .          Rampage  .    (no gloves)
Will    .....                    (no boots) Stlth
                                 (no amulet)
HPRegen 0.26/turn                (no ring)
MPRegen 0.11/turn                (no ring)

@: lethally poisoned (-3 -> -23), corroded
A: fangs 1, strong nose, distributed training
a: Renounce Religion, Fiery Armour, Foxfire Swarm, Rising Flame


You were on level 5 of the Dungeon.
You worshipped Ignis.
Ignis was extremely pleased with you.
You visited 1 branch of the dungeon, and saw 4 of its levels.

You collected 131 gold pieces.

Inventory:

Hand Weapons
 a - a -1 falchion of flaming
 e - a +0 club
 k - the +9 long sword of Havoc (weapon) {vamp, *Corrode rPois Int+8 Stlth+}
   (You found it on level 2 of the Dungeon)

   It occasionally heals its wielder for a portion of the damage dealt when it
   wounds a living foe.
   Int:       It affects your intelligence (+8).
   rPois:     It protects you from poison.
   *Corrode:  It may corrode you when you take damage.
   Stlth:     It makes you more stealthy.
Armour
 b - a +0 robe
 c - a +0 chain mail (worn)
Wands
 i - a wand of flame (12)
Scrolls
 d - 3 scrolls of teleportation
 f - a scroll of amnesia
 h - a scroll of vulnerability
 m - a scroll of fear {unknown}
 n - a scroll of poison
 p - a scroll of summoning {unknown}
Potions
 g - 2 potions of curing {unknown}
 j - a potion of ambrosia {unknown}
 l - a potion of heal wounds {unknown}
 o - a potion of attraction {unknown}


   Skills:
 + Level 6.6 Fighting
 + Level 1.3 Short Blades
 + Level 6.6 Long Blades
 + Level 1.3 Axes
 + Level 1.3 Maces & Flails
 + Level 1.3 Polearms
 + Level 1.3 Staves
 + Level 1.3 Ranged Weapons
 + Level 1.3 Throwing
 + Level 1.3 Armour
 + Level 1.3 Dodging
 + Level 1.3 Stealth
 + Level 1.3 Shields
 + Level 1.3 Unarmed Combat
 + Level 3.1 Spellcasting
 + Level 1.1 Conjurations
 + Level 1.1 Hexes
 + Level 1.1 Summonings
 + Level 1.1 Necromancy
 + Level 1.1 Translocations
 + Level 1.1 Transmutations
 + Level 5.5 Fire Magic
 + Level 1.1 Ice Magic
 + Level 1.1 Air Magic
 + Level 1.1 Earth Magic
 + Level 1.1 Poison Magic
 + Level 1.5 Invocations
 + Level 1.3 Evocations


You had 9 spell levels left.
You didn't know any spells.
Your spell library contained the following spells:

 Spells                   Type           Power      Damage    Failure   Level
 Scorch                   Fire           52%        2d8       38%         2


Dungeon Overview and Level Annotations

Branches:
Dungeon (3/15)

Altars:

Shops:
D:3 !


Innate Abilities, Weirdness & Mutations

You have very sharp teeth.
Your uncanny sense of smell can sniff out nearby items.
Your experience applies equally to all skills.


Message History

HP restored.
Found a robe.
Found 16 gold pieces.
Found 11 gold pieces.
A scorpion comes into view.
A white imp comes into view.
Found a stone staircase leading down.
The white imp shouts, "Give up, thou feckless motley-minded nobody!"
The scorpion stings you.
You are poisoned.
The scorpion poisons you!
Found a scroll labelled GEEHOTWOKI.
You feel sick. The scorpion stings you. The white imp gestures at you.
The puff of frost hits you.
A phantom comes into view.
The scorpion closely misses you.
You feel sick. The scorpion stings you.
You are more poisoned.
The scorpion poisons you!
The white imp picks up a beetle and eats it.
You feel very sick. The scorpion attacks as you move away!
The scorpion stings you.
Your corrosive artefact corrodes you!
You feel very sick.
You closely miss the scorpion.
You feel very sick.
The scorpion stings you but does no damage.
The scorpion stings you!
* * * LOW HITPOINT WARNING * * *
You hit the scorpion.
The scorpion is lightly wounded.
You feel sick.
The white imp summons a swarm of flies.
The scorpion stings you!
* * * LOW HITPOINT WARNING * * *
You are more poisoned.
The scorpion poisons you!
You hit the scorpion but do no damage.
The scorpion is lightly wounded.
You die...

####.....#
#....###.##.#
#.##.# .[...
#.##.###. #.#
#.##.... #.#
#.####.# #.# #.#
##.# #.# .
#.###..####.###...?
#.......@s.5W......
#####..####.$......
##.# ##..$.... #...
>...... #####
.##.### .# .# .# #
.#


You could see a phantom, a scorpion and a white imp.

Vanquished Creatures
  A jelly (D:5)
  3 adders
  3 dart slugs
  4 bats
  An endoplasm (D:2)
  4 giant cockroaches
  10 goblins
  3 hobgoblins (D:1)
  3 jackals (D:1)
  3 kobolds
  3 quokkas
  3 ball pythons (D:2)
  A frilled lizard (D:1)
  7 rats
49 creatures vanquished.

Vanquished Creatures (others)
  2 foxfires (D:1)
  4 plants (D:5)
6 creatures vanquished.

Grand Total: 55 creatures vanquished

Notes
Turn   | Place    | Note
-------+----------+-------------------------------------------
     0 | D:1      | hollybug the Gnoll Cinder Acolyte began the quest for the
                  | Orb.
     0 | D:1      | Reached XP level 1. HP: 23/23 MP: 4/4
    36 | D:1      | Reached XP level 2. HP: 17/29 MP: 5/5
   510 | D:1      | Reached XP level 3. HP: 35/35 MP: 7/7
   895 | D:2      | Reached skill level 1 in Invocations
   996 | D:2      | Found a faded altar of an unknown god.
  1011 | D:2      | Reached skill level 1 in Short Blades
  1011 | D:2      | Reached skill level 1 in Axes
  1011 | D:2      | Reached skill level 1 in Maces & Flails
  1011 | D:2      | Reached skill level 1 in Polearms
  1011 | D:2      | Reached skill level 1 in Staves
  1011 | D:2      | Reached skill level 1 in Ranged Weapons
  1011 | D:2      | Reached skill level 1 in Throwing
  1011 | D:2      | Reached skill level 1 in Armour
  1011 | D:2      | Reached skill level 1 in Dodging
  1011 | D:2      | Reached skill level 1 in Stealth
  1011 | D:2      | Reached skill level 1 in Shields
  1011 | D:2      | Reached skill level 1 in Unarmed Combat
  1011 | D:2      | Reached skill level 1 in Evocations
  1231 | D:2      | Reached XP level 4. HP: 17/41 MP: 8/8
  1480 | D:2      | Identified the +9 long sword of Havoc {vamp, *Corrode rPois
                  | Int+8 Stlth+}
  1654 | D:3      | Reached skill level 1 in Conjurations
  1654 | D:3      | Reached skill level 1 in Hexes
  1654 | D:3      | Reached skill level 1 in Summonings
  1654 | D:3      | Reached skill level 1 in Necromancy
  1654 | D:3      | Reached skill level 1 in Translocations
  1654 | D:3      | Reached skill level 1 in Transmutations
  1654 | D:3      | Reached skill level 1 in Ice Magic
  1654 | D:3      | Reached skill level 1 in Air Magic
  1654 | D:3      | Reached skill level 1 in Earth Magic
  1654 | D:3      | Reached skill level 1 in Poison Magic
  1719 | D:3      | Found Atac's Distillery.
  1738 | D:3      | You fall into a shaft and drop 2 floors!
  1738 | D:5      | Entered Level 5 of the Dungeon
  1780 | D:5      | Noticed a scorpion
  1782 | D:5      | Noticed a phantom
  1787 | D:5      | HP: 2/41 [scorpion (7)]
  1788 | D:5      | Succumbed to a scorpion's poison

Illustrated notes

Levels and vault maps discovered:
D:1:      dpeg_arrival_rooms_c, layout_basic
D:2:      layout_basic, hellmonk_ecumenical_altar_arch_garden
D:3:      layout_rooms, nemelex_spade_bored_becter, serial_shops, shop,
          minmay_misc_feat_room
D:5:      layout_loops_ring, nicolae_hepliaklqana_hazy_memory,
          minmay_temple_entry_large_hall

Skill      XL: |  1  2  3  4 |
---------------+-------------+-----
Invocations    | 1 |  1.5
Short Blades   | 1 |  1.3
Axes           | 1 |  1.3
Maces & Flails | 1 |  1.3
Polearms       | 1 |  1.3
Staves         | 1 |  1.3
Ranged Weapons | 1 |  1.3
Throwing       | 1 |  1.3
Armour         | 1 |  1.3
Dodging        | 1 |  1.3
Stealth        | 1 |  1.3
Shields        | 1 |  1.3
Unarmed Combat | 1 |  1.3
Evocations     | 1 |  1.3
Spellcasting   | 3 |  3.1
Conjurations   | 1 |  1.1
Hexes          | 1 |  1.1
Summonings     | 1 |  1.1
Necromancy     | 1 |  1.1
Translocations | 1 |  1.1
Transmutations | 1 |  1.1
Ice Magic      | 1 |  1.1
Air Magic      | 1 |  1.1
Earth Magic    | 1 |  1.1
Poison Magic   | 1 |  1.1
Fighting       | |  6.6
Long Blades    | |  6.6
Fire Magic     | |  5.5

Action                   |  1- 3 |  4- 6 || total
-------------------------+-------+-------++-------
Melee: Falchion          |   131 |     5 ||   136
       Bite              |     8 |     2 ||    10
       Punch             |     2 |     1 ||     3
       Long sword        |       |    16 ||    16
Invok: Foxfire Swarm     |     1 |       ||     1
       Fiery Armour      |     1 |       ||     1
  Use: Scroll            |     5 |     2 ||     7
       Potion            |       |     1 ||     1
Armor: Robe              |     9 |       ||     9
       Chain mail        |    74 |     9 ||    83
Dodge: Dodged            |    62 |     4 ||    66

Table legend: (Time is in decaauts)
 A = Elapsed time spent in this place.
 B = Non-inter-level travel time spent in this place.
 C = Inter-level travel time spent in this place.
 D = Time resting spent in this place.
 E = Time spent auto-exploring this place.
 F = Levels seen in this place.
 G = Mean time per level.
                   A        B        C        D        E       F      G
               +--------+--------+--------+--------+--------+-----+--------+
         Total |   1784 |   1784 |      0 |    530 |    401 |   4 |  446.0 |
       Dungeon |   1784 |   1784 |      0 |    530 |    401 |   4 |  446.0 |
               +--------+--------+--------+--------+--------+-----+--------+

Top non-repeatable levels by time:
     D:1: 882 daAuts
     D:2: 761 daAuts
     D:3: 90 daAuts
     D:5: 50 daAuts
